 Dungeon Crawl Stone Soup version 0.26-a0-597-gb535b0901c (webtiles) character file.

Game seed: 8563716534174366318

72 HoaS the Shield-Bearer (level 4, 0/35 HPs)
             Began as a Formicid Fighter on Aug 26, 2020.
             Succumbed to a worker ant's poison
             ... on level 2 of the Dungeon.
             The game lasted 00:03:53 (1577 turns).

HoaS the Shield-Bearer (Formicid Fighter)           Turns: 1577, Time: 00:03:53

Health: 0/35       AC: 10    Str: 21    XL:     4   Next: 48%
Magic:  4/4        EV: 10    Int:  8    God:
Gold:   47         SH:  9    Dex: 10    Spells: 3/3 levels left

rFire    + . .     SeeInvis +   a - +0 quarterstaff
rCold    . . .     Faith    .   c - +0 kite shield
rNeg     . . .     Spirit   .   p - +0 chain mail
rPois    .         Reflect  .   (helmet unavailable)
rElec    .         Harm     .   (no cloak)
rCorr    .                      (no gloves)
MR       .....                  j - +0 pair of boots
Stlth    ..........             (no amulet)
HPRegen  0.11/turn              k - +4 ring of evasion
MPRegen  0.09/turn              m - ring of protection from fire

@: lethally poisoned (0 -> -2)
A: permanent stasis, dig shafts and tunnels, four strong arms, antennae 3
a: Dig, Shaft Self


You were on level 2 of the Dungeon.
You visited 1 branch of the dungeon, and saw 2 of its levels.

You collected 47 gold pieces.

Inventory:

Hand Weapons
 a - a +0 quarterstaff (weapon)
Armour
 c - a +0 kite shield (worn)
 j - a +0 pair of boots (worn)
 p - a +0 chain mail (worn)
Jewellery
 k - a +4 ring of evasion (left hand)
 m - a ring of protection from fire (right hand)
Scrolls
 e - 3 scrolls of remove curse
 o - a scroll of random uselessness {unknown}
Potions
 b - a potion of mutation {unknown}
 d - 3 potions of might
 f - 2 potions of haste {unknown}
 g - a potion of heal wounds {unknown}
 h - a potion of berserk rage {unknown}
 i - a potion of brilliance {unknown}
 l - a potion of invisibility {unknown}
 n - a potion of lignification {unknown}
 q - a potion of curing {unknown}


   Skills:
 - Level 3.2 Fighting
 * Level 3.8 Staves
 - Level 3.2 Armour
 + Level 4.5 Shields


You had 3 spell levels left.
You didn't know any spells.
Your spell library was empty.

Dungeon Overview and Level Annotations

Branches:
Dungeon (2/15)

Altars:
Xom


Innate Abilities, Weirdness & Mutations

You cannot be hasted, slowed, berserked, paralysed or teleported.
You can dig through walls and to a lower floor.
Your four strong arms can wield two-handed weapons with a shield.
You have a pair of large antennae on your head. (SInv)


Message History

You hit the adder.
You kill the adder!
You thump the giant cockroach!
You kill the giant cockroach!
* * * LOW HITPOINT WARNING * * *
You feel sick. The bat hits you but does no damage. The bat closely misses you.
A rat comes into view.
You hit the bat.
The bat is severely wounded.
The bat hits you but does no damage. You block the bat's attack.
Things that are here:
a giant cockroach corpse; an adder corpse
* * * LOW HITPOINT WARNING * * *
You feel sick. You block the bat's attack.
You see here 23 arrows.
You block the bat's attack. You block the bat's attack.
The bat hits you but does no damage.
Found 29 arrows.
You die...

# #.####.###### ....
######......# .^^^
........<...####.(
.^_^.
#.................
.^^..(
#.#####....#.#####
......###.#####.##...#
#...............###.##
##......b.####...##.#
#
....#.##.@r†....>##.#
# ##. #.
#.#####...##.# # . #.#
#.####.# # .. .<# #.#
#.# # .. ...# ... #.#
# #.# .#..# #... #.# #
#.#..# .... # . ....
.... #


You could see a bat and a rat.

Vanquished Creatures
  A worker ant (D:2)
  An adder (D:2)
  A worm (D:2)
  2 dart slugs (D:1)
  5 bats
  2 giant cockroaches
  5 hobgoblins
  A frilled lizard (D:1)
  4 goblins (D:1)
  6 kobolds
  4 rats (D:1)
32 creatures vanquished.

Vanquished Creatures (others)
  21 plants (D:1)
21 creatures vanquished.

Grand Total: 53 creatures vanquished

Notes
Turn   | Place    | Note
-------+----------+-------------------------------------------
     0 | D:1      | HoaS the Formicid Fighter began the quest for the Orb.
     0 | D:1      | Reached XP level 1. HP: 18/18 MP: 1/1
   188 | D:1      | Reached XP level 2. HP: 24/24 MP: 2/2
   551 | D:1      | Reached skill level 4 in Shields
   598 | D:1      | Reached XP level 3. HP: 29/29 MP: 3/3
  1543 | D:2      | Found a shimmering altar of Xom.
  1563 | D:2      | Reached XP level 4. HP: 8/35 MP: 4/4
  1574 | D:2      | HP: 1/35 [poisoned by a worker ant]
  1577 | D:2      | Succumbed to a worker ant's poison

Illustrated notes

Levels and vault maps discovered:
D:1:      denvon_arrival_planthouse, layout_loops_ring, minmay_misc_feat_roman,
          minmay_pentomino_q4
D:2:      layout_loops_ring, xom_teletrap_fun

Skill      XL: |  1  2  3 |
---------------+----------+-----
Shields        | 4 |  4.5
Staves         | 3 |  3.8
Fighting       | |  3.2
Armour         | |  3.2

Action                   |  1- 3 |  4- 6 || total
-------------------------+-------+-------++-------
Melee: Quarterstaff      |   133 |     9 ||   142
  Use: Scroll            |     2 |       ||     2
Armor: Scale mail        |    33 |       ||    33
       Chain mail        |    10 |     6 ||    16
Dodge: Dodged            |    37 |     4 ||    41
Block: Kite shield       |    60 |     7 ||    67

Table legend: (Time is in decaauts)
 A = Elapsed time spent in this place.
 B = Non-inter-level travel time spent in this place.
 C = Inter-level travel time spent in this place.
 D = Time resting spent in this place.
 E = Time spent auto-exploring this place.
 F = Levels seen in this place.
 G = Mean time per level.
                   A        B        C        D        E       F      G
               +--------+--------+--------+--------+--------+-----+--------+
         Total |   1606 |   1527 |     79 |    316 |    836 |   2 |  803.0 |
       Dungeon |   1606 |   1527 |     79 |    316 |    836 |   2 |  803.0 |
               +--------+--------+--------+--------+--------+-----+--------+

Top non-repeatable levels by time:
     D:1: 1259 daAuts
     D:2: 346 daAuts
